Map: Blueshift LE

Players

Rolchsine

  • Race: Terran Terran
  • League: Gold
  • Spawn Location: 7:00

Mesrob - Winner!

  • Race: Terran Terran
  • Spawn Location: 1:00

VOD

Have the link to the VOD?

Description

Time

  • Played on: Jan. 8, 2019, 8:33 a.m.
  • Length: 13:59
Show
View Real Time Build Order
Export as new Build Order

Rolchsine Terran 

Build Orders:  

Get SALT Encoding   

  12  0:02  SCV  
  13  0:17  Supply Depot  
  13  0:18  SCV  
  14  0:26  Refinery  
  14  0:32  SCV  
  15  0:45  Barracks  
  15  0:47  SCV  
  16  0:59  SCV  
  17  1:17  SCV  
  18  1:32  SCV  
  19  1:41  Marine, Command Center  
  19  1:45  SCV  
  21  1:58  Orbital Command  
  21  2:01  Barracks Reactor  
  21  2:13  Factory  
  21  2:26  SCV  
  22  2:31  Refinery  
  22  2:37  Barracks  
  22  2:40  Marine  
  23  2:52  Marine  
  23  2:53  SCV  
  23  2:56  SCV  
  26  3:03  Factory Tech Lab  
  26  3:05  Supply Depot  
  26  3:08  Starport  
  26  3:12  SCV  
  27  3:13  SCV  
  28  3:20  Marine x2  
  28  3:24  SCV  
  28  3:26  Barracks Tech Lab  
  31  3:31  SCV  
  32  3:38  Marine  
  32  3:40  Marine, Supply Depot  
  34  3:43  SCV  
  34  3:48  Marine  
  36  3:50  SCV  
  37  3:55  Starport Reactor  
  37  4:03  SCV x2  
  37  4:04  Marine  
  37  4:05  Marine  
  37  4:06  Engineering Bay  
  41  4:10  Bunker  
  41  4:15  SCV  
  42  4:22  Orbital Command  
  42  4:25  Marine x2  
  42  4:26  Marine  
  42  4:31  Siege Tank  
  48  4:41  Supply Depot  
  48  4:42  SCV  
  49  4:48  Marine  
  49  4:50  Marine  
  49  4:52  Marine  
  52  4:53  Supply Depot  
  52  4:57  SCV  
  52  4:58  SCV  
  54  5:01  Stimpack  
  54  5:03  Medivac  
  54  5:06  Supply Depot  
  56  5:08  Marine x2  
  56  5:10  SCV  
  56  5:12  SCV  
  60  5:21  Missile Turret  
  60  5:22  Terran Infantry Weapons Level 1  
  60  5:27  Supply Depot  
  60  5:28  SCV  
  60  5:29  Marine, SCV  
  60  5:30  Marine  
  60  5:34  Marine  
  65  5:35  Refinery  
  65  5:37  Medivac  
  67  5:45  SCV x2  
  67  5:47  Refinery, Marine  
  70  5:53  Marine  
  70  5:55  Marine  
  72  5:57  Missile Turret, Siege Tank  
  72  5:59  SCV  
  72  6:00  SCV  
  77  6:10  Marine  
  77  6:11  Marine, Medivac, SCV  
  79  6:12  SCV  
  79  6:17  Missile Turret  
  79  6:18  Supply Depot  
  83  6:20  Marine  
  84  6:37  Marine x2  
  84  6:39  Siege Tank  
  89  6:40  Supply Depot  
  89  6:41  Barracks  
  89  6:43  SCV x2  
  89  6:44  Supply Depot  
  91  6:52  Marine  
  92  6:55  Marine, SCV  
  94  7:11  Supply Depot  
  94  7:12  Supply Depot  
  94  7:14  Siege Tank  
  94  7:15  Marine, SCV x2  
  99  7:16  Marine x2  
  99  7:17  Medivac  
  99  7:18  Medivac  
  106  7:37  Marine  
  106  7:39  Barracks Reactor  
  106  7:41  Marine  
  106  7:42  Marine  
  75  8:31  Marine x5  
  75  8:33  Terran Infantry Armor Level 1  
  70  8:49  Marine x2  
  70  8:53  Marine x3  
  70  8:54  SCV  
  70  8:55  SCV  
  72  9:06  Marine  
  72  9:07  Marine, SCV  
  75  9:11  Barracks  
  75  9:17  Missile Turret  
  75  9:21  Supply Depot  
  75  9:31  Marine x2  
  75  9:32  Marine x3  
  80  9:44  Command Center  
  80  9:49  Marine x2  
  67  10:07  Siege Tank  
  67  10:08  Marine x3  
  67  10:09  Marine  
  67  10:11  Marine  
  75  10:15  Barracks Reactor  
  75  10:21  Barracks  
  75  10:26  Marine x3, Combat Shield  
  75  10:27  Marine  
  75  10:28  Engineering Bay  
  79  10:29  Marine  
  80  10:39  Siege Tank  
  83  10:43  Marine, SCV x2  
  83  10:44  Marine x3  
  83  10:46  Marine  
  90  10:55  SCV x2  
  92  10:57  Armory  
  92  11:01  Marine x3  
  92  11:02  Marine x3  
  98  11:04  Marine  
  98  11:07  SCV x2  
  101  11:14  SCV  
  102  11:19  Marine x2, SCV x2  
  106  11:26  SCV  
  106  11:31  SCV  
  107  11:38  SCV  
  99  12:00  Marine x6  
  99  12:01  Marine  
  95  12:10  SCV x3  
  98  12:18  Marine x7  
  98  12:22  SCV x3  
  108  12:25  Medivac  
  108  12:26  Medivac  
  112  12:34  SCV  
  112  12:35  Starport, Marine  
  112  12:36  Marine x2  
  116  12:43  Barracks Reactor  
  116  12:47  Marine x4  
  116  12:49  SCV x3  
  123  12:53  Marine x2  
  123  12:54  Marine  
  123  12:55  Medivac  
  123  12:56  Medivac  
  130  13:01  SCV x3  
  130  13:05  Marine  
  134  13:08  Supply Depot  
  134  13:12  Starport, Supply Depot  
  134  13:14  Marine  
  134  13:15  Marine x5, Supply Depot  
  140  13:22  Missile Turret  
  140  13:25  Medivac, Viking  
  144  13:27  Refinery, SCV x2  
  144  13:28  Refinery, SCV  
  144  13:29  Marine x2  
  144  13:30  Marine  
  144  13:32  Marine x2  
  152  13:37  Supply Depot  
  152  13:39  Supply Depot  
  152  13:41  Supply Depot  
  152  13:44  SCV x2  
  152  13:45  SCV  
  160  13:50  Starport  
Show
View Real Time Build Order
Export as new Build Order

Mesrob Terran - Winner!

Build Orders:  

Get SALT Encoding   

  12  0:00  SCV  
  13  0:12  SCV  
  14  0:17  Supply Depot  
  14  0:26  SCV  
  15  0:31  Refinery  
  15  0:43  Barracks  
  15  0:45  SCV  
  17  0:57  SCV  
  17  1:09  SCV  
  18  1:12  Supply Depot  
  18  1:24  SCV  
  19  1:37  Factory  
  19  1:48  Orbital Command  
  19  1:49  Barracks Tech Lab  
  19  1:54  Refinery  
  19  2:01  Barracks  
  19  2:10  Engineering Bay  
  19  2:20  SCV  
  20  2:25  Barracks Reactor  
  20  2:33  SCV  
  21  2:37  Siege Tank  
  24  2:52  Marine  
  24  2:56  Terran Infantry Weapons Level 1  
  24  2:58  SCV  
  26  3:01  Marine x2  
  28  3:14  Marine  
  28  3:16  SCV  
  30  3:32  Command Center  
  30  3:37  Barracks Tech Lab  
  30  3:38  Marine  
  31  3:46  Supply Depot  
  31  3:50  Supply Depot  
  31  4:00  Starport  
  31  4:07  Marine  
  31  4:08  Siege Tank, SCV  
  36  4:18  Supply Depot  
  36  4:20  Marine x2  
  36  4:23  Combat Shield  
  38  4:30  SCV  
  39  4:42  SCV  
  40  4:48  Refinery  
  40  4:49  Refinery  
  40  4:54  Starport Reactor, SCV  
  41  5:02  Starport  
  41  5:06  SCV  
  45  5:07  Siege Tank  
  45  5:15  Orbital Command  
  45  5:19  SCV  
  46  5:23  Liberator x2  
  46  5:31  SCV  
  52  5:44  Starport Tech Lab  
  52  5:52  Marine x2, Marauder  
  56  5:58  Terran Infantry Armor Level 1  
  56  6:00  SCV  
  57  6:07  SCV  
  58  6:12  SCV  
  59  6:19  SCV  
  59  6:24  Liberator x2  
  60  6:37  Command Center  
  60  6:38  Siege Tank  
  69  6:51  Marine  
  70  6:56  Fusion Core  
  70  7:03  Supply Depot  
  70  7:24  Marine x2  
  70  7:25  Siege Tank  
  70  7:26  Marine  
  70  7:27  Supply Depot  
  73  7:42  Marine x2  
  73  7:44  Marine  
  75  7:51  Supply Depot  
  76  7:53  Refinery  
  76  8:00  Marine x2  
  76  8:02  Marine  
  75  8:18  Marine x2  
  54  9:05  Planetary Fortress  
  54  9:15  SCV  
  55  9:19  SCV  
  55  9:23  Refinery  
  56  9:25  Supply Depot  
  56  9:27  SCV  
  56  9:29  Battlecruiser  
  63  9:39  SCV  
  61  9:47  Supply Depot  
  61  9:51  SCV  
  56  10:03  SCV  
  57  10:20  Battlecruiser  
  63  10:21  Marine  
  63  10:22  Marine x3  
  63  10:25  Siege Tank  
  63  10:26  SCV  
  71  10:34  Refinery, Battlecruiser  
  77  10:38  SCV  
  77  10:39  Marine x4, SCV  
  83  10:50  SCV  
  83  10:51  SCV  
  88  10:57  Marine x4, Siege Tank  
  88  11:02  SCV  
  88  11:03  SCV  
  94  11:14  Marine  
  94  11:15  Marine x3, SCV x2  
  94  11:17  Supply Depot  
  100  11:24  Battlecruiser  
  106  11:27  SCV  
  106  11:29  Siege Tank  
  93  12:01  Siege Tank  
  96  12:07  Marine  
  96  12:08  Marine x3  
  100  12:15  Supply Depot, Barracks  
  100  12:25  Marine x4  
  100  12:26  Missile Turret  
  104  12:33  Sensor Tower, Siege Tank  
  107  12:38  Supply Depot  
  107  12:41  Battlecruiser  
  107  12:43  Marine x4, Armory  
  117  12:50  SCV  
  118  12:54  SCV  
  119  13:00  Marine  
  119  13:01  Marine x3, Supply Depot  
  119  13:05  Siege Tank  
  126  13:06  SCV  
  127  13:18  SCV  
  128  13:29  Supply Depot  
Tags
 
League
Gold
Matchup
TvT
Race
Terran
Replay Pack
sc2 replays
Spawn Locations
Cross Positions
Add a new tag
Caveats
  • Supply blocks, unpowered buildings, or Contaminate may cause inaccurate times.
  • Supply counts are checked every 10 seconds.